cohdb
Replays
Latest Replays
All Replays
Popular Replays
Top Player Replays
Match Explorer
How It Works
Community
CoH3 Stats
Reddit
Sign in to upload your games and track your stats! →
Sign in with Steam
Match 44754490
Unlisted
Match 44754490
Overview
Messages
Build Orders
End
Construct Section Command Post
Royal Engineer Section
ML 3-inch Mortar Team
Construct Platoon Command Post
Selects Heavy Armor Battlegroup
Selects Rigorous Vehicle Training
Humber Armored Car
Selects Forward Repair Assembly
Construct Company Command Post
Foot Guards Section
Foot Guards Section
Unlock M3 Grant Medium Tanks
Geth Sympathizer
立十水告
MOMO
lplp4943718
Lulu
JayS
ShiningRay
Sniffles213
0
0
Comments
sign in to comment!
No comments posted yet!